 Dungeon Crawl Stone Soup version 0.23-a0-333-g006994f (webtiles) character file.

18 rabbit the Magician (level 2, -6/18 HPs)
             Began as an Octopode Wizard on Oct 17, 2018.
             Mangled by a gnoll
             ... wielding a +0 spear
              (11 damage)
             ... on level 1 of the Dungeon.
             The game lasted 00:03:19 (894 turns).

rabbit the Magician (Octopode Wizard)                Turns: 894, Time: 00:03:20

Health: -6/18      AC:  1    Str:  6    XL:     2   Next: 66%
Magic:  5/6        EV: 13    Int: 20    God:
Gold:   27         SH:  0    Dex: 10    Spells: 2/7 levels left

rFire    + . .     SeeInvis .   (no weapon)
rCold    . . .     Gourm    .   (no shield)
rNeg     . . .     Faith    .   a - +0 hat
rPois    .         Spirit   .   (no amulet)
rElec    .         Reflect  .   n - ring of protection from fire
rCorr    .         Harm     .   (no ring)
MR       .....                  (no ring)
Stlth    +++.......             (no ring)
HPRegen  0.06/turn              (no ring)
MPRegen  0.10/turn              (no ring)
                                (no ring)
                                (no ring)

@: no status effects
A: almost no armour, stealthy swim, amphibious, 8 rings, constrict 8, camouflage
1, gelatinous body 1
a: no special abilities


You were on level 1 of the Dungeon.
You were not hungry.

You visited 1 branch of the dungeon, and saw 1 of its levels.

You collected 27 gold pieces.

Inventory:

Hand Weapons
 f - a +0 short sword
Missiles
 g - 29 stones (quivered)
Armour
 a - a +0 hat (worn)
Jewellery
 n - a ring of protection from fire (left tentacle)
Scrolls
 e - a scroll of fog
 h - a scroll of remove curse
Potions
 b - a potion of magic {unknown}
 d - a potion of agility {unknown}
 i - a potion of curing {unknown}
 j - a potion of flight {unknown}
 l - a potion of ambrosia {unknown}
 m - a potion of heal wounds {unknown}
Comestibles
 c - a ration


   Skills:
 + Level 0.7 Fighting
 + Level 2.2 Dodging
 + Level 3.1 Stealth
 + Level 3.1 Spellcasting
 + Level 1.3 Conjurations
 - Level 1.0 Summonings
 - Level 1.0 Translocations


You had 2 spell levels left.
You knew the following spells:

 Your Spells              Type           Power        Failure   Level  Hunger
a - Magic Dart            Conj           #...         9%          1    None
b - Blink                 Tloc           N/A          14%         2    ##.....
c - Call Imp              Summ           #.......     14%         2    ##.....

Your spell library contained the following spells:

 Spells                   Type           Power        Failure   Level  Hunger
 Slow                     Hex            #.......     22%         2    ##.....
 Conjure Flame            Conj/Fire      #.......     32%         3    ###....
 Mephitic Cloud           Conj/Pois/Air  #.......     34%         3    ###....


Dungeon Overview and Level Annotations

Branches:
Dungeon (1/15)

Altars:


Innate Abilities, Weirdness & Mutations

You cannot wear most types of armour.
You are very stealthy in the water. (Stealth+)
You are amphibious.
You can wear up to eight rings at the same time.
You can use your tentacles to constrict eight enemies at once.
Your skin changes colour to match your surroundings (Stealth+).
Your rubbery body absorbs attacks. (AC +1, EV +1)


Message History

Your grab misses the gnoll.
The gnoll is moderately wounded.
The gnoll completely misses you.
You tentacle-slap the gnoll. Your grab misses the gnoll.
Your squeeze misses the gnoll.
The gnoll is heavily wounded.
The gnoll misses you.
You tentacle-slap the gnoll but do no damage.
Your grab misses the gnoll.
The gnoll is heavily wounded.
The gnoll hits you but does no damage.
You closely miss the gnoll. Your grab misses the gnoll.
The gnoll is heavily wounded.
The gnoll hits you with a +0 spear.
* * * LOW HITPOINT WARNING * * *
You barely miss the gnoll. Your grab misses the gnoll.
The gnoll is heavily wounded.
The gnoll hits you with a +0 spear!
Ouch! That really hurt!
You die...

#...).
##############.†...
#....g.............
##.###########.....
#.# ###### ######
#÷# #....# #.#
#....# #g# #....#
#@# #....# #.#
#....# #.# #....#
#.# #....# #.#
#....#
#.###...)#########
#.................
##############....
##..........


You could see a gnoll.

Vanquished Creatures
  A dart slug (D:1)
  4 bats (D:1)
  2 giant cockroaches (D:1)
  2 hobgoblins (D:1)
  A ball python (D:1)
  A frilled lizard (D:1)
  4 kobolds (D:1)
  2 rats (D:1)
17 creatures vanquished.

Notes
Turn   | Place    | Note
-------+----------+-------------------------------------------
     0 | D:1      | rabbit the Octopode Wizard began the quest for the Orb.
     0 | D:1      | Reached XP level 1. HP: 11/11 MP: 4/4
   280 | D:1      | Reached XP level 2. HP: 18/18 MP: 1/6
   331 | D:1      | Learned a level 2 spell: Blink
   334 | D:1      | Learned a level 2 spell: Call Imp
   894 | D:1      | Mangled by a gnoll

Vault maps used:
D:1:      elethiomel_arrival_maze

Skill      XL: |  1  2 |
---------------+-------+-----
Stealth        | 3 |  3.1
Fighting       | |  0.7
Dodging        | |  2.2
Spellcasting   | |  3.1
Conjurations   | |  1.3
Summonings     | |  1.0
Translocations | |  1.0

Action                   || total
-------------------------++-------
Melee: Unarmed           ||    28
       Constrict         ||     5
       Tentacles         ||     4
 Cast: Magic Dart        ||    32
  Use: Scroll            ||     4
Armor: Skin              ||     3
Dodge: Dodged            ||    19

Table legend:
 A = Non-vault XP
 B = Vault XP
 C = Vault XP percentage of total XP
 D = Non-vault monster count
 E = Vault monster count
 F = Vault count percentage of total count
                 A         B        C        D         E       F
            +---------+---------+-------+---------+---------+-------
      Total |      26 |       0 |   0.0 |      17 |       0 |   0.0
            +---------+---------+-------+---------+---------+-------
        D:1 |      26 |       0 |   0.0 |      17 |       0 |   0.0
            +---------+---------+-------+---------+---------+-------
